 Dungeon Crawl Stone Soup version 0.32-a0-12-g7fc57aa741 (webtiles) character file.

Game seed: 12618562956759476779

7126 PriceMaster the Protected (level 10, -48/82 HPs)
             Began as a Minotaur Berserker on Jan 15, 2024.
             Was a Believer of Trog.
             Killed from afar by Fannar (57 damage)
             ... with a bolt of cold
             ... on level 1 of the Lair of Beasts.
             The game lasted 00:18:15 (7059 turns).

PriceMaster the Protected (Minotaur Berserker)      Turns: 7059, Time: 00:18:16

Health: -48/82     AC: 19    Str: 26    XL:     10   Next: 85%
Magic:  19/19      EV: 10    Int:  9    God:    Trog [**....]
Gold:   498        SH:  0    Dex: 16    Spells: 9/9 levels left

rFire   + . .        j - +3 short sword (spect)
rCold   x . .        (no shield)
rNeg    . . .        J - +0 plate armour
rPois   .            t - +3 hat of Pondering {ponderous, Will+ MP+10 Int+5}
rElec   .            (no cloak)
rCorr   .            (no gloves)
SInv    .            h - +0 pair of boots
Will    +++..        (no amulet)
Stlth   x              - ring of fire
HPRegen 1.33/turn    z - +6 ring of dexterity
MPRegen 0.16/turn

%: no passive effects
@: strong-willed (expiring), on berserk cooldown, regenerating (expiring),
hasted and slowed, slow
A: horns 2, retaliatory headbutt, frail 1
a: Renounce Religion, Berserk, Trog's Hand


You were on level 1 of the Lair of Beasts.
You worshipped Trog.
Trog was pleased with you.
You visited 2 branches of the dungeon, and saw 10 of its levels.

You collected 542 gold pieces.
You spent 44 gold pieces at shops.

Inventory:

Hand Weapons
 a - a +0 falchion
 j - a +3 spectral short sword (weapon)
 y - a +0 spear
 B - a +0 whip
 C - a +2 shortbow of draining
Armour
 b - a +0 animal skin
 h - a +0 pair of boots (worn)
 k - a +0 leather armour
 t - the +3 hat of Pondering (worn) {ponderous, Will+ MP+10 Int+5}
   (You took it off Gastronok on level 8 of the Dungeon)

   Int+5:     It affects your intelligence (+5).
   Will+:     It increases your willpower.
   MP+10:     It affects your magic capacity (+10).
 v - a +0 scale mail
 E - the +5 robe of Misfortune {Harm *Corrode *Slow EV+5}
   (You found it on level 6 of the Dungeon)

   EV+5:      It affects your evasion (+5).
   *Corrode:  It may corrode you when you take damage.
   *Slow:     It may slow you when you take damage.
   Harm:      It increases damage dealt and taken.
 J - a +0 plate armour (worn)
 L - +0 acid dragon scales
Jewellery
 i - a ring of magical power
 s - a ring of poison resistance
 x - a ring of fire (left hand)
 z - a +6 ring of dexterity (right hand)
 H - a ring of protection from cold
Wands
 o - a wand of charming (1)
 p - a wand of iceblast (12)
 D - a wand of flame (15)
 K - a wand of quicksilver (11)
Scrolls
 d - 6 scrolls of teleportation
 f - 3 scrolls of fog
 l - 3 scrolls of amnesia
 n - 2 scrolls of vulnerability
 r - 2 scrolls of noise
 u - a scroll of revelation {unknown}
 w - a scroll of silence {unknown}
 F - 2 scrolls of poison {unknown}
 N - a scroll of immolation {unknown}
Potions
 e - 2 potions of brilliance
 g - 4 potions of curing
 m - a potion of invisibility {unknown}
 q - a potion of degeneration {unknown}
 A - 2 potions of heal wounds {unknown}
 G - a potion of enlightenment {unknown}
 I - a potion of attraction {unknown}


   Skills:
 + Level 9.7 Fighting
 + Level 10.4(10.9) Short Blades
 + Level 5.5(9.2) Long Blades
 + Level 10.7 Armour
 + Level 6.4 Dodging
 + Level 2.2 Stealth
 + Level 1.8 Evocations


You had 9 spell levels left.
You didn't know any spells.
Your spell library was empty.

Dungeon Overview and Level Annotations

Branches:
Dungeon (9/15)             Temple (0/1) D:6            Lair (1/5) D:9
    Orc: D:9-12

Altars:
Dithmenos
Makhleb
Ru
Yredelemnul

Shops:
D:4 ?

Annotations:
Lair:1 Fannar


Innate Abilities, Weirdness & Mutations

You have a pair of horns on your head.
You reflexively headbutt those who attack you in melee.
You are frail. (-10% HP)


Message History

Found 22 gold pieces and 7 stones.
Fannar shouts!
The rime drake hisses angrily.
The rime drake breathes ice at you. The icy flash freeze hits you!!
You feel a painful chill!
You are encased in ice.
You feel better.
Fannar gestures wildly while chanting.
Fannar drains the heat from the surrounding environment!
You feel a terrible chill!
The plant begins to die.
The rime drake resists.
Your skin crawls.
You feel strong-willed.
Fannar mumbles some strange words.
Fannar drains the heat from the surrounding environment!
You feel a terrible chill!
* * * LOW HITPOINT WARNING * * *
The rime drake resists.
The rime drake dies!
A red film seems to cover your vision as you go berserk!
You feel yourself moving faster!
You feel mighty!
You are too berserk!
You feel a strong urge to attack something.
The ice encasing you melts away.
You feel your anger nearly subside.
You are no longer berserk.
You are exhausted.
You feel yourself slow down.
Fannar mumbles some strange words.
Fannar drains the heat from the surrounding environment!
You feel a terrible chill!
* * * LOW HITPOINT WARNING * * *
You feel yourself speed up.
You feel the effects of Trog's Hand fading.
A nearby plant withers and dies.
Fannar hits you with a +0 quarterstaff of freezing.
* * * LOW HITPOINT WARNING * * *
Fannar freezes you.
* * * LOW HITPOINT WARNING * * *
Fannar gestures at you while chanting. The bolt of cold hits you!!!
You feel a terrible chill!
Ouch! That really hurt!
You die...

#.##.......#
####.....### ##.##P# #
#..### .# #..[.# #.#
######.#.##########.(##.
#............##.........
#...........+.#.........
#..........^#...@e......
.+^...........#.........
#..........###..$......
##.+##.##### #.........
## ..## .......... ##.
###...#.### ## ##.####
.#


You could see Fannar.

Vanquished Creatures
  Gastronok (D:8)
  A rime drake (Lair:1)
  2 komodo dragons (Lair:1)
  The ghost of SuperJoe the Shooter, an amateur NaHu (D:4)
  Grinder (D:3)
  10 yaks
  Eustachio (D:6)
  An acid dragon (D:8)
  A water moccasin (D:6)
  An ice beast (D:6)
  2 orc warriors
  3 sky beasts
  5 ogres
  2 centaurs
  A kobold brigand (D:7)
  9 bullfrogs
  A scorpion (D:4)
  2 howler monkeys
  2 bombardier beetles (D:4)
  5 hounds
  A gnoll bouda (D:5)
  5 orc priests
  A sleepcap (D:5)
  Jessica (D:3)
  5 iguanas
  11 orc wizards
  5 gnolls (D:5)
  6 adders
  2 shadow imps
  A white imp (D:5)
  4 ufetubi
  3 ribbon worms (D:3)
  A dart slug (D:1)
  31 orcs
  7 endoplasms
  4 giant cockroaches
  11 hobgoblins
  19 kobolds
  4 quokkas
  7 ball pythons
  10 bats
  7 frilled lizards
  15 goblins
  4 rats
217 creatures vanquished.

Vanquished Creatures (others)
  A rime drake (Lair:1)
  A yak (D:8)
  2 centaurs (D:8)
  An orc wizard (D:8)
5 creatures vanquished.

Grand Total: 222 creatures vanquished

Notes
Turn   | Place    | Note
-------+----------+-------------------------------------------
     0 | D:1      | PriceMaster the Minotaur Berserker began the quest for the
                  | Orb.
     0 | D:1      | Reached XP level 1. HP: 19/19 MP: 0/0
    88 | D:1      | Reached XP level 2. HP: 27/27 MP: 1/1
   188 | D:1      | Found a faded altar of an unknown god.
   783 | D:2      | Reached ** piety under Trog
   785 | D:2      | Reached XP level 3. HP: 31/33 MP: 2/2
  1532 | D:3      | Noticed Grinder
  1536 | D:3      | Paralysed by Grinder for 5 turns
  1549 | D:3      | Killed Grinder
  1550 | D:3      | Reached skill level 5 in Fighting
  1550 | D:3      | Reached skill level 5 in Long Blades
  1550 | D:3      | Reached XP level 4. HP: 35/42 MP: 3/3
  1550 | D:3      | Reached XP level 5. HP: 40/48 MP: 4/4
  1666 | D:3      | Noticed Jessica
  1672 | D:3      | Killed Jessica
  1673 | D:3      | Reached XP level 6. HP: 56/56 MP: 5/5
  2464 | D:4      | Found a transporter.
  2466 | D:4      | Noticed SuperJoe's ghost (amateur NaHu)
  2476 | D:4      | Found a transporter.
  2490 | D:4      | Reached *** piety under Trog
  2734 | D:4      | Found The Oracle's Delphic Readings.
  2761 | D:4      | Bought a scroll of fear for 44 gold pieces
  2820 | D:4      | Found a burning altar of Makhleb.
  2823 | D:4      | Found a shadowy altar of Dithmenos.
  2824 | D:4      | Found a basalt altar of Yredelemnul.
  2833 | D:4      | Reached XP level 7. HP: 36/61 MP: 6/6
  3433 | D:4      | Killed SuperJoe's ghost
  3434 | D:4      | Reached skill level 1 in Stealth
  3454 | D:4      | Reached skill level 5 in Short Blades
  3518 | D:5      | Entered Level 5 of the Dungeon
  3699 | D:5      | Reached XP level 8. HP: 70/70 MP: 7/7
  4085 | D:5      | Reached skill level 5 in Armour
  4242 | D:6      | Reached skill level 5 in Dodging
  4463 | D:6      | Found the +5 robe of Misfortune {Harm *Corrode *Slow EV+5}
  4475 | D:6      | Reached XP level 9. HP: 79/79 MP: 8/8
  4495 | D:6      | Noticed Eustachio
  4505 | D:6      | Killed Eustachio
  4603 | D:6      | Found a staircase to the Ecumenical Temple.
  5495 | D:7      | Found a sacrificial altar of Ru.
  5849 | D:8      | Noticed Gastronok
  6115 | D:8      | Reached skill level 1 in Evocations
  6139 | D:8      | Reached XP level 10. HP: 58/88 MP: 9/9
  6463 | D:8      | Gained mutation: You are frail. (-10% HP) [potion of
                  | mutation]
  6463 | D:8      | Gained mutation: Your body sometimes deteriorates upon
                  | taking damage. [potion of mutation]
  6463 | D:8      | Gained mutation: You are dopey. (Int -2) [potion of
                  | mutation]
  6464 | D:8      | Lost mutation: Your body sometimes deteriorates upon taking
                  | damage. [potion of mutation]
  6464 | D:8      | Lost mutation: You are dopey. (Int -2) [potion of mutation]
  6464 | D:8      | Gained mutation: You have hidden genetic defects. [potion
                  | of mutation]
  6464 | D:8      | Lost mutation: You have hidden genetic defects. [potion of
                  | mutation]
  6478 | D:8      | Killed Gastronok
  6479 | D:8      | Reached skill level 10 in Short Blades
  6776 | D:9      | Reached skill level 10 in Armour
  6820 | D:9      | Found a staircase to the Lair.
  6827 | Lair:1   | Entered Level 1 of the Lair of Beasts
  7052 | Lair:1   | Noticed Fannar
  7059 | Lair:1   | Killed from afar by Fannar

Illustrated notes

Levels and vault maps discovered:
D:1:      dpeg_arrival_stone_temple_mockup, layout_basic, basic_ecumenical_altar
D:2:      layout_basic, corexii_shack, serial_bayou_lagoon_b
D:3:      minmay_razor_zed, layout_basic, uniq_jessica, uniq_grinder
D:4:      layout_loops_ring, gammafunk_temple_overflow_forgotten, serial_bayou,
          serial_bayou_pond_e, serial_bayou_crossing, serial_bayou_pond_c,
          serial_bayou_pond_a, gammafunk_ghost_arena,
          nicolae_nh_oracle_at_delphi
D:5:      layout_basic, dk_noncrumbling_4
D:6:      corexii_shack_village, layout_cave_pools,
          minmay_temple_entry_mini_moons, corexii_hall_statues_i,
          roderic_roman_lattice, uniq_eustachio
D:7:      layout_layer_cave, amcnicky_altar_gilded, kennysheep_potato
D:8:      layout_cave_pools, uniq_gastronok
D:9:      layout_rooms, grunt_lair_entry_orc_guard_hut, nicolae_rejected_hall,
          uniq_erolcha
Lair:1:   layout_roguey, uniq_fannar

Skill      XL: |  1  2  3  4  5  6  7  8  9 10 |
---------------+-------------------------------+-----
Long Blades    | 4 5 |  5.5
Fighting       | 4 5 6 7 8 9 |  9.7
Short Blades   | 2 3 5 7 9 10 | 10.4
Armour         | 3 4 6 8 10 | 10.7
Dodging        | 3 4 5 6 |  6.4
Stealth        | 1 2 |  2.2
Evocations     | 1 |  1.8

Action                     |  1- 3 |  4- 6 |  7- 9 | 10-12 || total
---------------------------+-------+-------+-------+-------++-------
  Melee: Falchion          |    47 |       |       |       ||    47
         Headbutt          |    17 |    24 |    73 |    32 ||   146
         Short sword       |    68 |   132 |   360 |   131 ||   691
         Punch             |       |     2 |     5 |     2 ||     9
 Invoke: Berserk           |     3 |     3 |    14 |     4 ||    24
         Trog's Hand       |       |     3 |    24 |     4 ||    31
  Evoke: Wand              |       |       |     8 |       ||     8
    Use: Scroll            |       |       |    15 |     2 ||    17
         Potion            |       |       |     5 |     4 ||     9
   Stab: Sleeping          |       |       |     1 |       ||     1
 Armour: Animal skin       |    30 |       |       |       ||    30
         Leather armour    |    27 |    54 |       |       ||    81
         Scale mail        |       |       |    92 |       ||    92
         Plate armour      |       |       |   118 |    51 ||   169
         Robe              |       |       |    32 |       ||    32
  Dodge: Dodged            |    67 |    59 |   174 |    24 ||   324

Table legend: (Time is in decaauts)
 A = Elapsed time spent in this place.
 B = Non-inter-level travel time spent in this place.
 C = Inter-level travel time spent in this place.
 D = Time resting spent in this place.
 E = Time spent auto-exploring this place.
 F = Levels seen in this place.
 G = Mean time per level.
                   A        B        C        D        E       F      G
               +--------+--------+--------+--------+--------+-----+--------+
         Total |   7092 |   6896 |    196 |    316 |   4885 |  10 |  709.2 |
       Dungeon |   6871 |   6675 |    196 |    316 |   4708 |   9 |  763.4 |
          Lair |    220 |    220 |      0 |      0 |    176 |   1 |  220.0 |
               +--------+--------+--------+--------+--------+-----+--------+

Top non-repeatable levels by time:
     D:4: 1267 daAuts
     D:8: 860 daAuts
     D:7: 850 daAuts
     D:2: 806 daAuts
     D:1: 759 daAuts
     D:3: 754 daAuts
     D:6: 750 daAuts
     D:5: 717 daAuts
  Lair:1: 220 daAuts
     D:9: 104 daAuts
